 Dungeon Crawl Stone Soup version 0.26.1-10-gdfb7c7de75 (webtiles) character file.

Game seed: 8030711431936638198

1428 tardwrangler69 the Cleaver (level 8, -2/71 HPs)
             Began as a Minotaur Fighter on Apr 1, 2021.
             Was an Initiate of Okawaru.
             Slain by an ice beast (7 damage)
             ... on level 5 of the Dungeon.
             The game lasted 00:04:16 (4781 turns).

tardwrangler69 the Cleaver (Minotaur Fighter)       Turns: 4781, Time: 00:04:16

Health: -2/71      AC:  0    Str: 22    XL:     8   Next: 44%
Magic:  7/7        EV:  8    Int:  5    God:    Okawaru [......]
Gold:   377        SH: 12    Dex: 11    Spells: 7/7 levels left

rFire    . . .     SeeInvis +   a - +0 war axe
rCold    . . .     Faith    .   j - +2 kite shield {reflect}
rNeg     . . .     Spirit   .   b - +0 scale mail
rPois    .         Reflect  +   (helmet restricted)
rElec    .         Harm     .   r - scarf {repulsion}
rCorr    .         Rampage  .   (no gloves)
Will     .....                  (no boots)
Stlth    ..........             (no amulet)
HPRegen  0.21/turn              h - ring of see invisible
MPRegen  0.10/turn              (no ring)

@: corroded, repel missiles
A: retaliatory headbutt, horns 2
a: Renounce Religion


You were on level 5 of the Dungeon.
You worshipped Okawaru.
Okawaru was noncommittal.
You visited 2 branches of the dungeon, and saw 6 of its levels.

You collected 377 gold pieces.

Inventory:

Hand Weapons
 a - a +0 war axe (weapon)
Armour
 b - a +0 scale mail (worn)
 j - a +2 kite shield of reflection (worn)
 r - a scarf of repulsion (worn)
Jewellery
 h - a ring of see invisible (left hand)
Wands
 c - a wand of flame (11)
Scrolls
 i - a scroll of amnesia
 l - 2 scrolls of teleportation
 p - 5 scrolls of identify
 q - a scroll of blinking
Potions
 d - 2 potions of might
 e - 3 potions of attraction
 g - a potion of brilliance {unknown}
 k - a potion of mutation {unknown}
 n - 2 potions of haste {unknown}
 t - 4 potions of curing {unknown}


   Skills:
 + Level 6.6 Fighting
 * Level 8.3 Axes
 + Level 6.6 Armour
 + Level 6.7 Shields


You had 7 spell levels left.
You didn't know any spells.
Your spell library was empty.

Dungeon Overview and Level Annotations

Branches:
Dungeon (5/15)             Temple (1/1) D:4

Altars:
Ashenzari
Elyvilon
Fedhas
Hepliaklqana
Kikubaaqudgha
Nemelex Xobeh
Okawaru
Ru
Trog
Vehumet
Wu Jian
Yredelemnul
Zin
The Shining One

Annotations:
D:5 exclusion: statue


Innate Abilities, Weirdness & Mutations

You reflexively headbutt those who attack you in melee.
You have a pair of horns on your head.


Message History

You closely miss the ice beast. You block the ice beast's attack.
The ice beast completely misses you.
You slash the ice beast!
The ice beast is moderately wounded.
The ice beast hits you.
* * * LOW HITPOINT WARNING * * *
The ice beast freezes you!
* * * LOW HITPOINT WARNING * * *
You hit the ice beast but do no damage. Your headbutt misses the ice beast.
The ice beast is moderately wounded.
You block the ice beast's attack.
You barely miss the ice beast.
The ice beast is moderately wounded.
You block the ice beast's attack.
You hit the ice beast but do no damage. Your headbutt misses the ice beast.
The ice beast is moderately wounded.
The ice beast hits you.
* * * LOW HITPOINT WARNING * * *
The ice beast freezes you!
You die...

**,,,,,,,....#.....#..........###
*,,,,,,,,....#.....#........### #
,,,,,,,,,.......<...........# #
,,,,,,,,,...................# #
,,,,,,,,,........#########..#####
,,,,,,,,,........#......,#.......
,,,,,,,,,............_.8,#.......
*,,,,,,,,....#..Y#......,#.......
**,,,,,,,.,,#...@#########†...#..
***********#.##...........#.....
#.*##.#.##.##....[..# #,*
#...##..†........
**,*###....##..###....
*,,*#...........##....
***,**#.#.....##...[>##.
*,,,**#...............#.
**,****..................


You could see an ice beast.

Vanquished Creatures
  Sigmund (D:2)
  3 ogres (D:4)
  A phantom (D:5)
  2 scorpions
  4 wights (D:2)
  A howler monkey (D:5)
  A gnoll shaman (D:4)
  2 hounds
  A jelly (D:5)
  2 orc priests
  2 orc wizards
  An iguana (D:4)
  Jessica (D:2)
  Natasha (thrice) (D:4)
  2 worker ants (D:4)
  A howler monkey skeleton (D:5)
  6 gnolls
  5 adders
  A white imp (D:5)
  An ufetubus (D:5)
  An ooze (D:4)
  2 adder skeletons (D:5)
  A worm (D:2)
  A dart slug (D:3)
  2 leopard geckos (D:1)
  10 orcs
  4 bats
  4 giant cockroaches
  7 hobgoblins
  A quokka (D:2)
  4 frilled lizards
  8 goblins
  11 kobolds
  A leopard gecko skeleton (D:4)
  7 rats
105 creatures vanquished.

Vanquished Creatures (others)
  4 plants (D:1)
4 creatures vanquished.

Grand Total: 109 creatures vanquished

Notes
Turn   | Place    | Note
-------+----------+-------------------------------------------
     0 | D:1      | tardwrangler69 the Minotaur Fighter began the quest for the
                  | Orb.
     0 | D:1      | Reached XP level 1. HP: 19/19 MP: 0/0
   280 | D:1      | Reached XP level 2. HP: 27/27 MP: 1/1
   289 | D:1      | Reached skill level 3 in Axes
   607 | D:1      | Reached XP level 3. HP: 33/33 MP: 2/2
  1088 | D:2      | Noticed Jessica
  1094 | D:2      | Killed Jessica
  1095 | D:2      | Reached XP level 4. HP: 20/40 MP: 3/3
  1289 | D:2      | Noticed Sigmund
  1301 | D:2      | Killed Sigmund
  1302 | D:2      | Reached skill level 5 in Axes
  1302 | D:2      | Reached XP level 5. HP: 46/47 MP: 4/4
  1630 | D:2      | Reached XP level 6. HP: 55/55 MP: 5/5
  1637 | D:2      | Reached skill level 5 in Fighting
  1637 | D:2      | Reached skill level 5 in Armour
  1640 | D:2      | Reached skill level 5 in Shields
  2382 | D:3      | Found a glowing golden altar of the Shining One.
  2480 | D:3      | Reached skill level 6 in Axes
  2615 | D:3      | Reached XP level 7. HP: 61/61 MP: 6/6
  3413 | D:4      | Noticed Natasha
  3417 | D:4      | Killed Natasha
  3516 | D:4      | Noticed Natasha
  3522 | D:4      | Killed Natasha
  3623 | D:4      | Reached skill level 7 in Axes
  3722 | D:4      | Reached XP level 8. HP: 47/70 MP: 7/7
  3933 | D:4      | Found a staircase to the Ecumenical Temple.
  3993 | Temple   | Entered the Ecumenical Temple
  4074 | Temple   | Became a worshipper of Warmaster Okawaru
  4125 | D:4      | Noticed Natasha
  4135 | D:4      | Killed Natasha
  4174 | D:4      | Found a basalt altar of Yredelemnul.
  4233 | D:4      | Found a white marble altar of Elyvilon.
  4314 | D:4      | Got a glimmering hunting sling
  4315 | D:4      | Identified the cursed +2 hunting sling of Tartarus {speed,
                  | rF- Str+4 Int+10} (You found it on level 4 of the Dungeon)
  4327 | D:5      | Entered Level 5 of the Dungeon
  4420 | D:5      | Reached skill level 8 in Axes
  4768 | D:5      | Found a radiant altar of Vehumet.
  4781 | D:5      | Slain by an ice beast

Illustrated notes

Levels and vault maps discovered:
D:1:      dpeg_arrival_signposts, layout_basic, palyth_stone_intersect,
          lexackson_kobold_supper
D:2:      layout_basic, minmay_hexomino_u4, uniq_sigmund, uniq_jessica
D:3:      layout_basic, lemuel_crystal_altar, hangedman_abyss_or_decor_stabs
D:4:      layout_basic, kennysheep_ying_yang, temple_green, uniq_natasha
D:5:      layout_rooms, vehumet_statue
Temple:   zaba_magenta_temple

Skill      XL: |  1  2  3  4  5  6  7  8 |
---------------+-------------------------+-----
Axes           | 3 5 6 7 8 |  8.3
Armour         | 4 5 6 |  6.6
Fighting       | 4 5 6 |  6.6
Shields        | 4 5 6 |  6.7

Action                   |  1- 3 |  4- 6 |  7- 9 || total
-------------------------+-------+-------+-------++-------
Melee: War axe           |    69 |    82 |   140 ||   291
       Headbutt          |     8 |    16 |    29 ||    53
  Use: Scroll            |       |       |     9 ||     9
Armor: Scale mail        |    34 |    21 |    25 ||    80
Dodge: Dodged            |    24 |    18 |    28 ||    70
       Repelled          |       |       |     1 ||     1
Block: Kite shield       |    28 |    51 |    66 ||   145
       Reflection        |     1 |       |       ||     1
